 Dungeon Crawl Stone Soup version 0.29.1-15-g9cfb28693d (webtiles) character file.

Game seed: 11792707510979441030

88 Silvore the Slasher (level 4, 0/40 HPs)
             Began as a Minotaur Fighter on May 2, 2023.
             Slain by a gnoll
             ... wielding a +0 halberd
              (7 damage)
             ... on level 3 of the Dungeon.
             The game lasted 00:02:16 (1916 turns).

Silvore the Slasher (Minotaur Fighter)              Turns: 1916, Time: 00:02:17

Health: 0/40       AC: 14    Str: 23    XL:     4   Next: 29%
Magic:  3/3        EV:  7    Int:  5    God:
Gold:   74         SH:  4    Dex:  9    Spells: 3/3 levels left

rFire   . . .      SeeInvis .   a - +0 long sword
rCold   . . .      Faith    .   c - +0 buckler
rNeg    . . .      Spirit   .   k - +0 chain mail
rPois   .          Reflect  .   (helmet restricted)
rElec   .          Harm     .   (no cloak)
rCorr   +          Rampage  .   (no gloves)
Will    +....                   m - +0 pair of boots
Stlth   ..........              (no amulet)
HPRegen 0.13/turn               h - ring "Weickuji" {Will+ AC+4}
MPRegen 0.08/turn               i - ring of resist corrosion

@: no status effects
A: horns 2, retaliatory headbutt
a: no special abilities


You were on level 3 of the Dungeon.
You visited 1 branch of the dungeon, and saw 3 of its levels.

You collected 74 gold pieces.

Inventory:

Hand Weapons
 a - a +0 long sword (weapon)
Armour
 b - a +0 scale mail
 c - a +0 buckler (worn)
 k - a +0 chain mail (worn)
 m - a +0 pair of boots (worn)
 o - a +0 tower shield
Jewellery
 g - an amulet of magic regeneration
 h - the ring "Weickuji" (left hand) {Will+ AC+4}
   (You found it on level 2 of the Dungeon)

   [ring of protection]

   AC:        It affects your AC (+4).
   Will:      It increases your willpower.
 i - a ring of resist corrosion (right hand)
Scrolls
 e - a scroll of blinking
Potions
 d - a potion of might
 f - 2 potions of degeneration
 j - a potion of heal wounds {unknown}
 l - a potion of curing {unknown}
 n - 3 potions of attraction {unknown}


   Skills:
 + Level 4.1 Fighting
 + Level 4.4 Long Blades
 + Level 4.2 Armour
 + Level 0.2 Stealth
 + Level 3.9 Shields


You had 3 spell levels left.
You didn't know any spells.
Your spell library contained the following spells:

 Spells                   Type           Power      Damage    Failure   Level
 Static Discharge         Conj/Air       0%         3-3/arc   100%        2
 Lightning Bolt           Conj/Air       0%         1d11      100%        5
 Maxwell's Capacitive Co  Air            0%         ∞         100%        8


Dungeon Overview and Level Annotations

Branches:
Dungeon (3/15)

Altars:
Vehumet


Innate Abilities, Weirdness & Mutations

You have a pair of horns on your head.
You reflexively headbutt those who attack you in melee.


Message History

Things that are here:
a +3 spear; a gnoll corpse You slash the gnoll!
The gnoll is severely wounded.
The gnoll hits you with a +0 spear. The gnoll hits you but does no damage.
You hit the gnoll but do no damage. Your headbutt misses the gnoll.
The gnoll is severely wounded.
The gnoll hits you with a +0 spear. You block the gnoll's attack.
You hit the gnoll but do no damage.
The gnoll is severely wounded.
A gnoll comes into view. It is wielding a +0 halberd.
The gnoll hits you but does no damage. You block the gnoll's attack. x2
The gnoll barely misses you.
You barely miss the gnoll.
The gnoll is severely wounded.
The gnoll shouts!
The gnoll barely misses you. The gnoll hits you but does no damage.
You hit the gnoll.
You kill the gnoll!
The gnoll hits you but does no damage.
Things that are here:
a +0 spear; a gnoll corpse The gnoll attacks as you move away!
The gnoll hits you with a +0 whip. You block the gnoll's attack.
You barely miss the gnoll. You headbutt the gnoll.
The gnoll is moderately wounded.
The gnoll hits you with a +0 halberd. The gnoll hits you but does no damage.
You barely miss the gnoll. You headbutt the gnoll!
The gnoll is almost dead.
The gnoll hits you with a +0 halberd!
* * * LOW HITPOINT WARNING * * *
The gnoll hits you with a +0 whip.
* * * LOW HITPOINT WARNING * * *
You block the gnoll's attack. The gnoll hits you with a +0 whip.
* * * LOW HITPOINT WARNING * * *
Okay, then.
You barely miss the gnoll. Your headbutt misses the gnoll.
The gnoll is almost dead.
The gnoll hits you with a +0 halberd!
You die...

... # .......# ###.#
.......# ... .......#
#####.#
....?..######()g@g#
..............###....#
#...........# .#!...#
###...........## .#
####
....)).............
###..[............#
#....<..........#
#######.........#
#.......$.#


You could see 2 gnolls.

Vanquished Creatures
  2 adders
  2 gnolls (D:3)
  2 worms (D:2)
  2 dart slugs (D:2)
  An orc (D:3)
  5 ball pythons
  6 bats
  4 endoplasms
  A giant cockroach (D:3)
  4 hobgoblins
  A quokka (D:1)
  2 frilled lizards
  4 goblins
  3 kobolds
  A rat (D:2)
40 creatures vanquished.

Notes
Turn   | Place    | Note
-------+----------+-------------------------------------------
     0 | D:1      | Silvore the Minotaur Fighter began the quest for the Orb.
     0 | D:1      | Reached XP level 1. HP: 19/19 MP: 0/0
   287 | D:1      | Reached XP level 2. HP: 27/27 MP: 1/1
   368 | D:1      | Found a faded altar of an unknown god.
  1044 | D:2      | Found a radiant altar of Vehumet.
  1142 | D:2      | Identified the ring "Weickuji" {Will+ AC+4}
  1287 | D:2      | Reached XP level 3. HP: 33/33 MP: 2/2
  1893 | D:3      | Reached XP level 4. HP: 39/40 MP: 3/3
  1916 | D:3      | Slain by a gnoll

Illustrated notes

Levels and vault maps discovered:
D:1:      lordsloth_arrival_two_stooges, layout_loops_ring,
          dreamdust_ecumenical_altar_hidden_monk_grotto
D:2:      layout_loops_ring, basic_altar
D:3:      layout_basic, mainiacjoe_overflow_concentric_impassable

Skill      XL: |  1  2  3 |
---------------+----------+-----
Long Blades    | 3 4 |  4.4
Fighting       | 4 |  4.1
Armour         | 4 |  4.2
Stealth        | |  0.2
Shields        | |  3.9

Action                   |  1- 3 |  4- 6 || total
-------------------------+-------+-------++-------
Melee: Long sword        |    86 |    11 ||    97
       Headbutt          |    10 |     3 ||    13
  Use: Scroll            |     8 |       ||     8
Armor: Scale mail        |    11 |       ||    11
       Chain mail        |    42 |     7 ||    49
Dodge: Dodged            |    41 |     2 ||    43
Block: Buckler           |    21 |     8 ||    29
